 Dungeon Crawl Stone Soup version 0.28.0-53-g5a82cb258f (webtiles) character file.

Game seed: 9257294848020360995

525 issech the Chopper (level 7, 0/61 HPs)
             Began as a Minotaur Monk on June 1, 2022.
             Slain by Duvessa
             ... wielding a +0 rapier
              (15 damage)
             ... on level 4 of the Dungeon.
             The game lasted 00:08:23 (4799 turns).

issech the Chopper (Minotaur Monk)                  Turns: 4799, Time: 00:08:23

Health: 0/61       AC:  6    Str: 16    XL:     7   Next: 2%
Magic:  6/6        EV: 11    Int:  7    God:
Gold:   198        SH:  0    Dex: 14    Spells: 6/6 levels left

rFire   . . .      SeeInvis .   x - +0 great mace
rCold   . . .      Faith    .   (shield currently unavailable)
rNeg    . . .      Spirit   .   w - +0 scale mail
rPois   .          Reflect  .   (helmet restricted)
rElec   .          Harm     .   (no cloak)
rCorr   .          Rampage  .   (no gloves)
Will    .....                   (no boots)
Stlth   +.........              (no amulet)
HPRegen 0.20/turn               (no ring)
MPRegen 0.10/turn               (no ring)

@: no status effects
A: horns 2, retaliatory headbutt
a: no special abilities


You were on level 4 of the Dungeon.
You visited 1 branch of the dungeon, and saw 4 of its levels.

You collected 198 gold pieces.

Inventory:

Hand Weapons
 a - a +0 hand axe
 e - a +0 hunting sling
 p - a +0 trident
 v - a +1 dagger of venom
 x - a +0 great mace (weapon)
Missiles
 c - 41 bolts
 i - 53 stones (quivered)
 t - 10 boomerangs
Armour
 b - a +0 robe
 u - a +0 ring mail
 w - a +0 scale mail (worn)
Jewellery
 h - a ring of ice
Wands
 A - a wand of acid (6)
Scrolls
 f - a scroll of fog {unknown}
 g - 3 scrolls of enchant armour {unknown}
 j - a scroll of identify {unknown}
 k - a scroll of magic mapping {unknown}
 l - a scroll of enchant weapon {unknown}
 m - 2 scrolls of blinking {unknown}
 q - a scroll of teleportation {unknown}
 y - a scroll of summoning {unknown}
 z - a scroll of vulnerability {unknown}
Potions
 d - a potion of heal wounds
 n - a potion of curing {unknown}
 o - a potion of cancellation {unknown}
 r - 2 potions of might
 s - a potion of magic {unknown}
 B - 2 potions of haste {unknown}


   Skills:
 + Level 5.0 Fighting
 + Level 5.6(6.0) Axes
 + Level 2.9(4.7) Maces & Flails
 + Level 0.1 Throwing
 + Level 2.7 Armour
 + Level 5.0 Dodging
 + Level 2.8 Stealth


You had 6 spell levels left.
You didn't know any spells.
Your spell library was empty.

Dungeon Overview and Level Annotations

Branches:
Dungeon (4/15)
 Temple: D:4-7

Altars:

Annotations:
D:4 Duvessa, Eustachio, Sigmund


Innate Abilities, Weirdness & Mutations

You have a pair of horns on your head.
You reflexively headbutt those who attack you in melee.


Message History

Dowan is moderately wounded.
Dowan hits you but does no damage.
You sock Dowan!
Dowan is severely wounded.
Dowan hits you with a +0 dagger. Dowan completely misses you.
You thump Dowan!
You kill Dowan!
You hear a distant scream of rage.
You have reached level 7!
r - 2 potions of might (gained 1)
Things that are here:
a +0 dagger; a +0 leather armour; the elf corpse of Dowan
Okay, then.
There is a stone staircase leading up here.
You start resting.
HP restored.
Duvessa, Sister of Dowan comes into view.
She is wielding a +0 rapier.
Duvessa moves out of view.
Duvessa shouts!
Duvessa goes berserk!
Duvessa rages.
Duvessa rages.
You closely miss Duvessa. Duvessa hits you with a +0 rapier.
Duvessa hits you but does no damage. Duvessa hits you with a +0 rapier.
You bludgeon Duvessa!!
Duvessa is moderately wounded.
Duvessa misses you. Duvessa hits you with a +0 rapier.
You barely miss Duvessa. You headbutt Duvessa.
Duvessa is heavily wounded.
Duvessa misses you. You furiously retaliate!
You headbutt Duvessa, but do no damage. Duvessa closely misses you.
You bludgeon Duvessa!!
Duvessa is severely wounded.
Duvessa hits you with a +0 rapier!! Duvessa barely misses you.
You barely miss Duvessa. You headbutt Duvessa.
Duvessa is almost dead.
Duvessa hits you with a +0 rapier!!
* * * LOW HITPOINT WARNING * * *
Duvessa hits you with a +0 rapier!
You die...

##..## #.........
##..## #...######
#...# #..## #...#
##.## ##..### #<.##
##...#######...###
#)..............##
#..................
##...@e........#####
##<.#####.......#
##..## ##......#
##..## ##..##..#
#...# #.## ##.#
#..## ##.# #.# #..##
#..# #.
##..########..#
#..)........##


You could see Duvessa (berserk).

Vanquished Creatures
  Menkaure (D:4)
  A scorpion (D:3)
  Dowan (D:4)
  A hound (D:4)
  Natasha (thrice) (D:2)
  An iguana (D:4)
  3 gnolls (D:2)
  A howler monkey skeleton (D:4)
  4 adders
  An ufetubus (D:4)
  An adder skeleton (D:4)
  2 dart slugs
  11 orcs
  5 ball pythons
  7 bats
  2 endoplasms (D:1)
  3 giant cockroaches (D:1)
  9 goblins
  6 hobgoblins
  3 quokkas (D:3)
  A frilled lizard (D:3)
  4 kobolds
  4 rats
75 creatures vanquished.

Vanquished Creatures (others)
  7 toadstools (D:1)
7 creatures vanquished.

Grand Total: 82 creatures vanquished

Notes
Turn   | Place    | Note
-------+----------+-------------------------------------------
     0 | D:1      | issech the Minotaur Monk began the quest for the Orb.
     0 | D:1      | Reached XP level 1. HP: 19/19 MP: 0/0
   325 | D:1      | Reached XP level 2. HP: 23/27 MP: 1/1
   560 | D:1      | Found a faded altar of an unknown god.
  1073 | D:2      | Noticed Natasha
  1078 | D:2      | Killed Natasha
  1079 | D:2      | Reached XP level 3. HP: 33/33 MP: 2/2
  1722 | D:2      | Reached XP level 4. HP: 38/41 MP: 3/3
  1778 | D:2      | Noticed Natasha
  1789 | D:2      | Killed Natasha
  2107 | D:2      | Reached skill level 5 in Axes
  2479 | D:2      | Noticed Natasha
  2503 | D:2      | Killed Natasha
  2504 | D:2      | Reached XP level 5. HP: 24/47 MP: 4/4
  3735 | D:3      | Reached XP level 6. HP: 5/53 MP: 5/5
  4002 | D:4      | Noticed Sigmund
  4002 | D:4      | Noticed Eustachio
  4088 | D:4      | Reached skill level 1 in Armour
  4110 | D:4      | Reached skill level 1 in Maces & Flails
  4118 | D:4      | Noticed Menkaure
  4368 | D:4      | Killed Menkaure
  4369 | D:4      | Reached skill level 5 in Fighting
  4369 | D:4      | Reached skill level 5 in Dodging
  4659 | D:4      | Noticed Dowan
  4699 | D:4      | Killed Dowan
  4700 | D:4      | Reached XP level 7. HP: 43/61 MP: 6/6
  4790 | D:4      | Noticed Duvessa
  4799 | D:4      | Slain by Duvessa

Illustrated notes

Levels and vault maps discovered:
D:1:      nagdon_arrival_double_spiral, layout_loops_corners,
          nicolae_ecumenical_snake_handling, item_on_display_a
D:2:      layout_basic, uniq_natasha
D:3:      layout_basic
D:4:      layout_layer_cave, uniq_duvessa, uniq_menkaure, uniq_sigmund,
          uniq_eustachio

Skill      XL: |  1  2  3  4  5  6 |
---------------+-------------------+-----
Axes           | 4 5 |  5.6
Fighting       | 4 5 |  5.0
Dodging        | 4 5 |  5.0
Stealth        | 2 |  2.8
Armour         | 2 |  2.7
Maces & Flails | 2 |  2.9
Throwing       | |  0.1

Action                   |  1- 3 |  4- 6 |  7- 9 || total
-------------------------+-------+-------+-------++-------
Melee: Hand axe          |    51 |    46 |       ||    97
       Headbutt          |     8 |    16 |     2 ||    26
       Punch             |     1 |     2 |       ||     3
       Great mace        |       |    51 |     5 ||    56
       Dagger            |       |    18 |       ||    18
Throw: Stone             |       |     3 |       ||     3
  Use: Potion            |       |     1 |       ||     1
 Stab: Sleeping          |     2 |     1 |       ||     3
Armor: Robe              |     5 |     2 |       ||     7
       Scale mail        |       |    28 |     1 ||    29
       Ring mail         |       |     4 |       ||     4
Dodge: Dodged            |    40 |    83 |     4 ||   127
